 Dungeon Crawl Stone Soup version 0.27-a0-789-g6bb3289e1e (webtiles) character file.

Game seed: 4084187131912435219

645 Lanoc the Magician (level 7, -5/50 HPs)
             Began as a Djinni Summoner on Mar 27, 2021.
             Was an Initiate of Gozag.
             Killed from afar by an electric eel (12 damage)
             ... with a bolt of electricity
             ... on level 7 of the Dungeon.
             The game lasted 00:11:16 (6163 turns).

Lanoc the Magician (Djinni Summoner)                Turns: 6163, Time: 00:11:17

Health: -5/50      AC:  8    Str:  7    XL:     7   Next: 52%
Gold:   383        EV: 13    Int: 19    God:    Gozag SH:  0 Dex: 13

rFire    + + .     SeeInvis .   g - +2 dagger (drain)
rCold    x . .     Faith    .   (no shield)
rNeg     . . .     Spirit   .   a - +0 robe
rPois    ∞         Reflect  .   (no helmet)
rElec    .         Harm     .   (no cloak)
rCorr    .         Rampage  .   d - +1 pair of gloves
Will     .....                  (boots unavailable)
Stlth    ++........             (no amulet)
HPRegen  0.16/turn              e - +4 ring of protection
MPRegen  0.00/turn              (no ring)

@: flying
A: fire resistance 2, cold vulnerability 1, float, innate caster, hp casting,
extra vitality 1
a: Renounce Religion, Potion Petition, Call Merchant, Bribe Branch


You were on level 7 of the Dungeon.
You worshipped Gozag.
Gozag was aware of your devotion.
You visited 2 branches of the dungeon, and saw 7 of its levels.
You also visited: Sewer.

You collected 430 gold pieces.
You paid 47 gold pieces to Gozag.

Inventory:

Hand Weapons
 g - a +2 dagger of draining (weapon)
Armour
 a - a +0 robe (worn)
 d - a +1 pair of gloves (worn)
Magical Staves
 p - a staff of conjuration
Jewellery
 e - a +4 ring of protection (right hand)
Wands
 j - a wand of random effects (21)
Scrolls
 f - a scroll of fear {unknown}
 i - a scroll of enchant armour
 k - 2 scrolls of amnesia {unknown}
 l - a scroll of enchant weapon
 m - 2 scrolls of magic mapping {unknown}
 r - a scroll of blinking
 s - 2 scrolls of identify
Potions
 b - 2 potions of degeneration {unknown}
 c - a potion of brilliance
 h - a potion of curing
 n - 2 potions of berserk rage {unknown}
 o - 2 potions of lignification {unknown}
 q - a potion of heal wounds {unknown}
 t - a potion of magic {unknown}


   Skills:
 + Level 3.6 Fighting
 + Level 4.7 Dodging
 - Level 1.5 Stealth
 * Level 6.0 Spellcasting


You couldn't memorise any spells.
You knew the following spells:

 Your Spells              Type           Power      Damage    Failure   Level
a - Summon Small Mammal   Summ           100%       N/A       1%          1
b - Call Imp              Summ           28%        N/A       1%          2
c - Call Canine Familiar  Summ           28%        N/A       2%          3
d - Summon Guardian Gole  Hex/Summ       28%        N/A       2%          3
e - Summon Lightning Spi  Summ/Air       28%        N/A       10%         4
f - Summon Ice Beast      Ice/Summ       28%        N/A       10%         4
g - Pain                  Necr           100%       1d9       1%          1
h - Searing Ray           Conj           56%        3d5       1%          2
i - Vampiric Draining     Necr           14%        2d8       2%          3
Your spell library was empty.

Dungeon Overview and Level Annotations

Branches:
Dungeon (5/15)             Temple (1/1) D:4           Sewer (visited)

Altars:
Ashenzari
Cheibriados
Gozag
Makhleb
Nemelex Xobeh
Okawaru
Qazlal
Ru
Sif Muna
Trog
Wu Jian
Xom
Yredelemnul
Zin
The Shining One

Shops:
D:1 [=:

Annotations:
D:7 1 runed translucent door


Innate Abilities, Weirdness & Mutations

You are immune to poison.
Your flesh is very heat resistant. (rF++)
You are vulnerable to cold. (rC-)
You float through the air rather than walking.
You learn spells naturally, not from books.
Your magical power is your life essence.
You have superior vitality. (+4 HP)


Message History

Your hound bites the centaur skeleton.
The centaur skeleton misses you. The centaur skeleton barely misses you.
Your hound bites the centaur skeleton.
You hit the centaur skeleton.
The centaur skeleton is heavily damaged.
The centaur skeleton barely misses you. The centaur skeleton kicks you.
Your hound bites the centaur skeleton.
The centaur skeleton hits you but does no damage.
The centaur skeleton kicks you but does no damage.
You hit the centaur skeleton.
The centaur skeleton is almost destroyed.
Your hound bites the centaur skeleton.
The centaur skeleton hits your hound.
The centaur skeleton kicks your hound but does no damage.
Your hound bites the centaur skeleton.
The centaur skeleton is destroyed!
Your Spellcasting skill increases to level 6!
You now have 346 gold pieces (gained 8).
s - 2 scrolls of identify (gained 1)
Your hound scratches at a flea.
You swap places.
Your hound disappears in a puff of smoke!
There is an open door here.
There is an open door here.
There is an open door here.
You now have 371 gold pieces (gained 25).
You now have 383 gold pieces (gained 12).
Found a stone staircase leading up.
There is an open door here.
There is an open door here.
An electric eel is nearby!
The electric eel shoots out a bolt of lightning at you!
The bolt of electricity hits you!
The electric eel shoots out a bolt of lightning at you!
The bolt of electricity hits you! x2
The electric eel shoots out a bolt of lightning at you!
The bolt of electricity hits you!
* * * LOW HITPOINT WARNING * * *
The electric eel shoots out a bolt of lightning at you!
The bolt of electricity hits you!
You die...
Your body crumbles into a pile of gold.

#.....# #.#.#.#
#.....####
#.≈≈≈....####
##.≈#≈≈≈≈....#
#..≈≈≈≈#≈≈≈≈.###
####.≈≈≈#≈≈≈≈#≈...
.....≈#≈≈≈;#≈≈≈..#
)....≈≈≈≈#≈≈≈≈..@#
....≈≈≈#≈≈≈≈#≈...#
#...≈#≈≈≈≈#≈≈≈..##
#...≈≈≈≈#≈≈≈≈..##
8...[..≈≈≈≈#≈.##
..........≈≈≈.#
.......##.....#
..#+#'####.####
..#........#


You could see an electric eel.

Vanquished Creatures
  A water moccasin (Sewer)
  A scorpion (D:5)
  A howler monkey (D:5)
  A lava snake (D:7)
  A bullfrog skeleton (D:3)
  A hound zombie (D:5)
  Robin (D:2)
  3 gnolls
  4 adders
  A river rat (D:3)
  An ufetubus (D:5)
  2 worms
  An orc (D:7)
  A bat (D:1)
  An endoplasm (D:4)
  A giant cockroach (D:3)
  7 goblins
  6 hobgoblins
  2 jackals
  A quokka (D:1)
  5 ball pythons
  4 kobolds
  9 rats
56 creatures vanquished.

Vanquished Creatures (collateral kills)
  An ogre (D:2)
  2 phantoms (D:7)
  A wyvern zombie (D:7)
  A centaur skeleton (D:7)
  A gnoll shaman (D:3)
  A bullfrog skeleton (D:5)
  A human skeleton (D:7)
  An iguana (D:4)
  Terence (D:3)
  5 gnolls
  A howler monkey skeleton (D:2)
  A worm (D:3)
  An orc (D:7)
  2 ball pythons
  An endoplasm (D:1)
  4 goblins
  5 hobgoblins
  4 jackals
  A quokka (D:1)
  A bat (D:1)
  3 kobolds
  4 rats
43 creatures vanquished.

Grand Total: 99 creatures vanquished

Notes
Turn   | Place    | Note
-------+----------+-------------------------------------------
     0 | D:1      | Lanoc the Djinni Summoner began the quest for the Orb.
     0 | D:1      | Reached XP level 1. HP: 15/15 MP: 0/0
   421 | D:1      | Found Ryabb's Jewellery Shoppe.
   432 | D:1      | Found Isixotaush's Book Emporium.
   452 | D:1      | Reached XP level 2. HP: 11/22 MP: 0/0
  1033 | D:1      | Found Qecaygea's Armour Shoppe.
  1397 | D:2      | Reached skill level 1 in Fighting
  1397 | D:2      | Reached skill level 4 in Spellcasting
  1397 | D:2      | Reached XP level 3. HP: 24/27 MP: 0/0
  1397 | D:2      | Learned a level 1 spell: Pain
  1516 | D:2      | Noticed an ogre
  1526 | D:2      | Killed an ogre
  1527 | D:2      | Reached XP level 4. HP: 11/32 MP: 0/0
  2070 | D:2      | Noticed Robin
  2071 | D:2      | Found a sparkling altar of Nemelex Xobeh.
  2087 | D:2      | Killed Robin
  2359 | D:3      | Reached XP level 5. HP: 33/38 MP: 0/0
  2359 | D:3      | Learned a level 2 spell: Searing Ray
  2690 | D:3      | Found a glowing drain.
  2709 | Sewer    | Entered a sewer
  2829 | Sewer    | Noticed a water moccasin
  2848 | Sewer    | Killed a water moccasin
  2849 | Sewer    | Reached skill level 5 in Spellcasting
  2849 | Sewer    | Reached XP level 6. HP: 20/45 MP: 0/0
  3348 | D:3      | Noticed Terence
  3375 | D:3      | Killed Terence
  4052 | D:4      | Found a staircase to the Ecumenical Temple.
  4068 | Temple   | Entered the Ecumenical Temple
  4180 | Temple   | Became a worshipper of Gozag Ym Sagoz the Greedy
  4653 | D:5      | Entered Level 5 of the Dungeon
  4776 | D:5      | Found a glowing silver altar of Zin.
  4990 | D:5      | Found a glowing golden altar of the Shining One.
  5003 | D:5      | Reached XP level 7. HP: 38/50 MP: 0/0
  5003 | D:5      | Learned a level 3 spell: Vampiric Draining
  5143 | D:5      | You are sucked into a shaft and drop 2 floors!
  5510 | D:7      | Found a runed translucent door.
  5510 | D:7      | Noticed a human
  5511 | D:7      | Found a basalt altar of Yredelemnul.
  5878 | D:7      | Reached skill level 6 in Spellcasting
  6163 | D:7      | Killed from afar by an electric eel

Illustrated notes

Levels and vault maps discovered:
D:1:      psy_arrival_basics, layout_basic, serial_shops,
          nicolae_shop_statue_plus, shop, nicolae_shop_crystal, minmay_bisected
D:2:      layout_basic, lemuel_round_altar, skrybe_limestone_x, minivault_23,
          minmay_misc_feat_enclosed, uniq_robin
D:3:      layout_basic, portal_sewer_entry_e, minmay_misc_feat_square,
          uniq_terence
D:4:      layout_rooms, minmay_temple_entry_statues_pillars
D:5:      layout_gridville, lemuel_round_altar, lemuel_round_altar,
          uniq_crazy_yiuf_cottage
D:7:      layout_basic, gammafunk_temple_overflow_claw,
          gammafunk_temple_overflow_pools, nicolae_lava_and_water,
          dk_yredelemnul_ordeal
Temple:   hc_temple_tempest_star

Skill      XL: |  1  2  3  4  5  6  7 |
---------------+----------------------+-----
Fighting       | 1 2 3 |  3.6
Spellcasting   | 4 5 6 |  6.0
Dodging        | 3 4 |  4.7
Stealth        | |  1.5

Action                   |  1- 3 |  4- 6 |  7- 9 || total
-------------------------+-------+-------+-------++-------
Melee: Dagger            |    49 |   196 |    44 ||   289
       Unarmed           |     5 |       |       ||     5
 Cast: Summon Small Mamm |    13 |       |     1 ||    14
       Call Imp          |     8 |     6 |     1 ||    15
       Pain              |     4 |       |       ||     4
       Call Canine Famil |     1 |    20 |     4 ||    25
       Summon Ice Beast  |       |     1 |       ||     1
       Summon Lightning  |       |       |     1 ||     1
       Summon Guardian G |       |       |     1 ||     1
  Use: Scroll            |       |     6 |       ||     6
       Potion            |       |     1 |       ||     1
 Stab: Sleeping          |       |     5 |       ||     5
       Distracted        |       |     2 |       ||     2
Armor: Robe              |    20 |    67 |     9 ||    96
Dodge: Dodged            |    46 |   133 |    20 ||   199

Table legend: (Time is in decaauts)
 A = Elapsed time spent in this place.
 B = Non-inter-level travel time spent in this place.
 C = Inter-level travel time spent in this place.
 D = Time resting spent in this place.
 E = Time spent auto-exploring this place.
 F = Levels seen in this place.
 G = Mean time per level.
                   A        B        C        D        E       F      G
               +--------+--------+--------+--------+--------+-----+--------+
         Total |   6160 |   6045 |    115 |    297 |   4818 |   8 |  770.0 |
       Dungeon |   5677 |   5589 |     88 |    297 |   4435 |   6 |  946.2 |
        Temple |    121 |     94 |     27 |      0 |     92 |   1 |  121.0 |
         Sewer |    361 |    361 |      0 |      0 |    291 |   1 |  361.0 |
               +--------+--------+--------+--------+--------+-----+--------+

Top non-repeatable levels by time:
     D:1: 1382 daAuts
     D:3: 1160 daAuts
     D:7: 1019 daAuts
     D:2: 960 daAuts
     D:4: 664 daAuts
     D:5: 489 daAuts
   Sewer: 361 daAuts
  Temple: 121 daAuts
